Map: [ESL] Hecate

Players

ShoWTimE - Winner!

  • Race: Protoss Protoss
  • Spawn Location: 7:00

Dark

  • Race: Zerg Zerg
  • Spawn Location: 1:00

VOD

Have the link to the VOD?

Description

Time

  • Played on: Dec. 11, 2023, 6:31 a.m.
  • Length: 12:24
Show
View Real Time Build Order
Export as new Build Order

ShoWTimE Protoss - Winner!

Build Orders: 1 Gate Expand, Oracle Opening, Zealot Archon 

Get SALT Encoding   

  12  0:00  Probe  
  13  0:12  Probe  
  14  0:18  Pylon  
  14  0:24  Probe  
  15  0:36  Probe (Chrono Boost)  
  15  0:38  Gateway  
  16  0:45  Probe (Chrono Boost)  
  16  0:48  Assimilator  
  17  0:51  Probe (Chrono Boost)  
  18  1:03  Probe  
  19  1:15  Probe  
  20  1:24  Nexus  
  20  1:34  Cybernetics Core  
  20  1:37  Probe  
  21  1:46  Assimilator  
  21  1:49  Probe  
  21  1:52  Pylon  
  22  2:01  Probe  
  23  2:09  Adept (Chrono Boost)  
  23  2:13  Probe  
  26  2:23  Stargate  
  26  2:26  Probe (Chrono Boost)  
  26  2:29  Adept (Chrono Boost)  
  27  2:36  Warp Gate  
  30  2:37  Probe (Chrono Boost)  
  30  2:44  Probe (Chrono Boost)  
  31  2:46  Probe (Chrono Boost)  
  31  2:50  Probe (Chrono Boost)  
  33  2:51  Adept, Probe (Chrono Boost)  
  36  3:02  Probe  
  36  3:03  Pylon, Probe  
  36  3:05  Oracle (Chrono Boost)  
  41  3:14  Probe  
  41  3:15  Probe  
  43  3:21  Gateway, Adept  
  43  3:26  Probe  
  46  3:27  Probe  
  46  3:28  Pylon  
  47  3:36  Shield Battery  
  47  3:37  Oracle (Chrono Boost)  
  50  3:42  Probe x2  
  52  3:54  Probe x2  
  54  4:00  Nexus  
  54  4:03  Pylon  
  54  4:06  Oracle (Chrono Boost), Probe x2  
  59  4:18  Assimilator, Probe x2  
  59  4:20  Assimilator  
  61  4:24  Adept x2  
  61  4:29  Pylon  
  61  4:30  Probe  
  61  4:31  Probe  
  67  4:37  Gateway  
  67  4:42  Probe  
  68  4:46  Probe  
  68  4:48  Robotics Facility  
  63  4:55  Adept x2, Probe  
  63  4:59  Probe  
  69  5:05  Forge  
  70  5:07  Probe  
  70  5:11  Probe  
  71  5:19  Probe  
  71  5:20  Probe  
  73  5:23  Adept x2, Probe  
  78  5:30  Shield Battery  
  78  5:31  Probe  
  78  5:32  Probe  
  78  5:33  Pylon  
  78  5:35  Sentry, Probe  
  83  5:38  Immortal (Chrono Boost)  
  83  5:42  Pylon  
  87  5:43  Probe  
  87  5:44  Probe  
  87  5:47  Probe  
  90  5:55  Probe  
  90  5:56  Probe, Protoss Ground Weapons Level 1 (Chrono Boost)  
  92  5:59  Stalker, Probe  
  92  6:03  Twilight Council  
  95  6:05  Assimilator  
  95  6:07  Probe  
  95  6:08  Assimilator, Probe  
  97  6:11  Pylon, Probe  
  97  6:15  Observer (Chrono Boost)  
  99  6:19  Sentry, Probe  
  99  6:20  Probe  
  99  6:24  Probe  
  104  6:31  Probe, Immortal (Chrono Boost)  
  105  6:33  Gateway, Probe  
  105  6:34  Gateway  
  105  6:36  Probe  
  105  6:37  Stalker x2  
  102  6:49  Probe  
  102  6:52  Gateway  
  102  6:54  Stalker, Photon Cannon  
  103  6:55  Gateway  
  103  7:00  Charge (Chrono Boost)  
  105  7:04  Warp Prism (Chrono Boost)  
  105  7:05  Templar Archives  
  105  7:06  Pylon  
  107  7:12  Nexus  
  107  7:15  Pylon  
  107  7:24  Gateway  
  107  7:30  Probe x3  
  107  7:32  Photon Cannon  
  107  7:33  Photon Cannon  
  107  7:35  Shield Battery  
  110  7:37  Shield Battery  
  110  7:39  Pylon  
  110  7:40  Immortal (Chrono Boost)  
  110  7:42  Probe  
  115  7:46  High Templar x6  
  115  7:49  Archon  
  115  7:50  Archon x2  
  127  7:51  Phoenix (Chrono Boost)  
  127  7:55  Photon Cannon  
  127  7:57  Photon Cannon  
  129  7:59  Protoss Ground Weapons Level 2 (Chrono Boost)  
  129  8:04  Shield Battery  
  129  8:06  Shield Battery, Probe x3  
  132  8:13  Assimilator  
  132  8:14  Phoenix (Chrono Boost)  
  132  8:18  Assimilator, Probe x2  
  136  8:25  Pylon  
  136  8:27  Stargate  
  136  8:30  Zealot x7  
  136  8:31  Phoenix (Chrono Boost)  
  152  8:37  Probe  
  153  8:44  Pylon  
  153  8:45  Fleet Beacon, Pylon  
  153  8:55  Phoenix (Chrono Boost)  
  153  8:57  Stalker x4  
  153  9:00  Pylon  
  163  9:03  Pylon  
  161  9:11  Phoenix (Chrono Boost)  
  161  9:15  Probe x2  
  161  9:18  Probe  
  161  9:21  Photon Cannon  
  164  9:24  Phoenix (Chrono Boost)  
  164  9:26  Anion Pulse-Crystals (Chrono Boost)  
  164  9:27  Zealot x3  
  164  9:28  Zealot x3  
  176  9:33  Phoenix (Chrono Boost)  
  176  9:35  Gateway  
  176  9:37  Photon Cannon  
  176  9:38  Protoss Air Weapons Level 1 (Chrono Boost)  
  178  9:42  Phoenix (Chrono Boost)  
  180  9:47  Photon Cannon  
  180  9:49  Probe  
  180  9:50  Probe x2  
  180  9:52  Phoenix (Chrono Boost)  
  173  9:54  High Templar x2  
  173  9:57  Photon Cannon  
  173  9:59  Archon  
  175  10:00  Shield Battery  
  175  10:04  Phoenix (Chrono Boost)  
  177  10:11  Phoenix (Chrono Boost)  
  179  10:17  High Templar x2  
  179  10:19  Zealot x3  
  189  10:22  Archon  
  189  10:23  Phoenix (Chrono Boost)  
  191  10:31  Phoenix (Chrono Boost)  
  189  10:46  Flux Vanes  
  191  10:53  Phoenix (Chrono Boost)  
  191  10:54  Phoenix (Chrono Boost)  
  181  10:58  Zealot x6  
  181  10:59  Zealot  
  181  11:03  Pylon  
  191  11:05  Photon Cannon  
  191  11:08  Shield Battery  
  191  11:10  Shield Battery  
  191  11:12  Photon Cannon  
  191  11:14  Photon Cannon  
  191  11:15  Shield Battery, Photon Cannon  
  191  11:17  Void Ray, Stargate  
  191  11:18  Pylon  
  199  11:26  Gateway  
  199  11:27  Void Ray  
  199  11:29  Gateway  
  191  11:56  Zealot x2  
  199  12:22  Nexus  
Show
View Real Time Build Order
Export as new Build Order

Dark Zerg 

Build Orders: Hatch First 

Get SALT Encoding   

  12  0:00  Drone  
  13  0:12  Overlord  
  13  0:17  Drone  
  14  0:31  Drone x2  
  16  0:50  Hatchery  
  16  0:53  Drone  
  16  0:56  Drone  
  17  0:58  Drone  
  18  1:10  Extractor  
  17  1:14  Spawning Pool  
  16  1:18  Drone  
  16  1:21  Drone  
  18  1:29  Drone  
  19  1:41  Drone  
  20  1:52  Drone  
  21  2:01  Queen x2  
  21  2:02  Zergling x4  
  27  2:10  Metabolic Boost  
  27  2:12  Overlord  
  27  2:15  Drone  
  28  2:31  Drone x2  
  28  2:35  Drone x2  
  32  2:43  Hatchery  
  31  2:46  Zergling x4  
  32  2:59  Overlord  
  32  3:00  Queen  
  32  3:01  Zergling x2  
  35  3:15  Drone  
  35  3:17  Queen  
  35  3:18  Drone x5  
  43  3:21  Overlord  
  43  3:25  Zergling x2  
  44  3:35  Overlord  
  44  3:40  Zergling x6  
  47  3:43  Zergling x2  
  47  3:45  Drone x3  
  47  3:46  Drone  
  52  3:53  Queen  
  52  3:54  Overlord  
  52  3:55  Drone  
  53  3:57  Drone  
  53  4:02  Queen  
  56  4:04  Drone  
  56  4:08  Drone x2  
  56  4:09  Drone  
  60  4:14  Drone x2  
  60  4:15  Drone  
  62  4:20  Drone x2  
  62  4:21  Drone  
  62  4:23  Spore Crawler  
  64  4:24  Extractor  
  64  4:26  Drone  
  64  4:30  Spore Crawler  
  63  4:33  Drone x3  
  63  4:36  Drone, Evolution Chamber  
  67  4:39  Drone x2  
  67  4:41  Drone  
  68  4:45  Zergling x2  
  68  4:49  Zergling x4  
  66  4:57  Spore Crawler  
  66  4:58  Zergling x4  
  66  5:00  Drone x2  
  66  5:01  Drone x4, Extractor  
  66  5:03  Drone, Extractor  
  66  5:06  Zerg Melee Weapons Level 1  
  71  5:07  Drone x2  
  71  5:16  Zergling x2  
  71  5:17  Zergling x6  
  70  5:24  Hatchery  
  70  5:25  Drone x2  
  71  5:37  Zergling x4  
  71  5:39  Overlord x2  
  71  5:41  Overlord  
  73  5:44  Overlord  
  73  5:45  Baneling Nest  
  73  5:46  Overlord  
  73  5:47  Overlord  
  73  5:48  Overlord  
  73  5:49  Overlord  
  72  5:52  Overlord  
  72  5:58  Zergling x2  
  72  5:59  Zergling x8  
  72  6:03  Zergling x2  
  78  6:06  Lair  
  78  6:08  Zergling x6  
  81  6:14  Zergling x2  
  81  6:18  Drone  
  81  6:19  Drone x3  
  81  6:22  Drone x3  
  88  6:26  Drone x3  
  88  6:28  Drone  
  88  6:30  Drone, Extractor  
  88  6:31  Extractor  
  88  6:41  Zergling x2  
  88  6:42  Zergling x4  
  88  6:46  Zergling x6  
  82  6:53  Roach Warren, Zergling x8  
  83  7:00  Drone x4  
  87  7:02  Drone x3  
  87  7:03  Extractor  
  87  7:08  Spire  
  88  7:09  Drone  
  88  7:10  Drone x2  
  88  7:13  Zerg Melee Weapons Level 2  
  91  7:16  Drone x2  
  91  7:18  Zergling x8, Extractor  
  91  7:19  Extractor  
  91  7:22  Drone  
  96  7:25  Zergling x8  
  96  7:27  Drone  
  101  7:42  Overlord  
  101  7:58  Zergling x12  
  105  7:59  Overlord  
  105  8:19  Mutalisk x16  
  137  8:30  Mutalisk x2  
  137  8:32  Hatchery  
  138  8:38  Mutalisk x2  
  138  8:40  Zergling x16  
  138  8:41  Zergling x2  
  139  8:48  Hatchery  
  138  8:59  Drone x3  
  138  9:00  Drone x2, Zergling x10  
  148  9:04  Mutalisk x2  
  151  9:11  Mutalisk  
  149  9:21  Drone x8  
  149  9:22  Drone x4  
  147  9:29  Zerg Flyer Weapons Level 1  
  147  9:33  Drone x3  
  147  9:35  Extractor  
  147  9:37  Extractor, Mutalisk x2  
  152  9:38  Overlord x5  
  152  9:43  Extractor  
  152  9:45  Extractor  
  150  10:04  Corruptor x7  
  164  10:07  Corruptor  
  166  10:15  Corruptor x2  
  166  10:20  Mutalisk x3  
  168  10:33  Zergling x22  
  163  10:46  Drone  
  163  10:47  Drone x3  
  163  10:52  Drone x13  
  169  11:01  Corruptor  
  169  11:02  Corruptor x2  
  175  11:10  Mutalisk x3  
  181  11:14  Extractor  
  181  11:15  Mutalisk x2, Extractor  
  181  11:17  Zergling x4  
  185  11:20  Mutalisk  
  185  11:23  Zergling x6  
  190  11:29  Mutalisk  
  190  11:31  Zergling x4  
  193  11:34  Mutalisk x2  
  193  11:36  Zergling x4  
  193  11:37  Zergling x2  
  173  11:55  Mutalisk x10  
Tags
 
Add a new tag
Caveats
  • Supply blocks, unpowered buildings, or Contaminate may cause inaccurate times.
  • Supply counts are checked every 10 seconds.